 Dungeon Crawl Stone Soup version 0.16-a0-3585-g2f5ff90 (webtiles) character file.

6666 Kemay the Nimble (level 11, 0/63 HPs)
             Began as an Octopode Transmuter on Jan 11, 2015.
             Was an Initiate of Sif Muna.
             Slain by a centaur warrior (12 damage)
             ... on level 13 of the Dungeon.
             The game lasted 00:41:49 (13186 turns).

Kemay the Nimble (Octopode Transmuter)             Turns: 13186, Time: 00:41:49

Health: 0/63       AC:  5    Str: 10    XL:     11   Next: 3%
Magic:  16/18      EV: 34    Int: 18    God:    Sif Muna [......]
Gold:   535        SH:  0    Dex: 18    Spells: 2 memorised, 11 levels left

rFire  . . .     SeeInvis .       - Unarmed
rCold  . . .     Clarity  .     (shield currently unavailable)
rNeg   . . .     SustAb   .     (helmet currently unavailable)
rPois  x         Gourm    .     (no amulet)
rElec  .         Spirit   .     h - +3 ring of protection
rCorr  .         Warding  .     j - ring of wizardry
rMut   .         Stasis   .     o - ring of stealth (curse)
MR     .....                    (no ring)
Stlth  +++.......               (no ring)
                                (no ring)
                                (no ring)
                                (no ring)

@: spider-form, not resistant to hostile enchantments, fairly stealthy
A: almost no armour, amphibious, 8 rings, (constrict 8), (camouflage 0),
(gelatinous body 0)
a: End Transformation, Renounce Religion


You were on level 13 of the Dungeon.
You worshipped Sif Muna.
Sif Muna was noncommittal.
You were not hungry.
You were a venomous arachnid creature.
You visited 2 branches of the dungeon, and saw 12 of its levels.

You collected 535 gold pieces.

Inventory:

Hand weapons
 F - the +11 hand axe "Ysim Aph" {freeze, -Cast *Tele rPois Stlth+}
   (You took it off an orc priest on level 9 of the Dungeon)

   It has been specially enchanted to freeze those struck by it, causing extra
   injury to most foes and up to half again as much damage against particularly
   susceptible opponents.
   It can also slow down cold-blooded creatures.
   It protects you from poison.
   It prevents spellcasting.
   It causes random teleportation.
   It makes you more stealthy.
 I - the cursed +2 whip "Fruo" {drain, +Blink rPois MR- Stlth++}
   (You found it on level 8 of the Dungeon)

   A truly terrible weapon, it drains the life of those it strikes.
   It protects you from poison.
   It affects your resistance to hostile enchantments.
   It lets you blink.
   It makes you much more stealthy.
   It has a curse placed upon it.
Missiles
 e - 2 throwing nets (quivered)
Jewellery
 h - a +3 ring of protection (left front leg)
 j - a ring of wizardry (right front leg)
 o - a cursed ring of stealth (on tentacle)
Magical devices
 l - a wand of magic darts (22)
 w - a wand of slowing (21)
 y - a wand of digging (0)
 z - a wand of paralysis (2)
 C - a wand of paralysis (11)
 G - a wand of slowing (41)
Scrolls
 c - 4 scrolls of remove curse
 g - 5 scrolls of teleportation
 i - 4 scrolls of fog
 v - 4 scrolls of recharging
 A - a scroll of magic mapping
 K - a scroll of enchant armour
Potions
 b - 3 potions of haste
 m - a potion of cancellation
 n - 2 potions of agility
 p - a potion of magic
 q - a potion of ambrosia
 t - a potion of brilliance
 u - a potion of cure mutation {unknown}
 B - a potion of beneficial mutation {unknown}
 D - a potion of invisibility {unknown}
 E - a potion of restore abilities {unknown}
 L - a potion of resistance {unknown}
Books
 d - a book of Changes

   Spells                             Type                      Level
   a - Beastly Appendage              Transmutation                1
   b - Sticks to Snakes               Transmutation                2
   c - Spider Form                    Transmutation/Poison         3
   d - Ice Form                       Ice/Transmutation            4
   e - Blade Hands                    Transmutation                5
Comestibles
 a - 8 bread rations
 f - 9 beef jerkies
 r - 2 royal jellies
 s - 3 meat rations
 M - 6 slices of pizza


   Skills:
 - Level 1.0 Fighting
 - Level 14.2 Dodging
 + Level 6.8 Unarmed Combat
 + Level 2.7 Spellcasting
 - Level 3.4 Transmutations
 - Level 0.5 Poison Magic


You had 11 spell levels left.
You knew the following spells:

 Your Spells              Type           Power        Failure   Level  Hunger
a - Beastly Appendage     Trmt           ##....       6%          1    None
b - Spider Form           Trmt/Pois      #.........   21%         3    ###....


Dungeon Overview and Level Annotations

Branches:
Dungeon (13/15)            Temple (1/1) D:6            Lair (0/8) D:10
    Orc: D:9-12      Vaults: D:13-14

Altars:
Ashenzari
Cheibriados
Dithmenos
Elyvilon
Fedhas
Gozag
Kikubaaqudgha
Makhleb
Nemelex Xobeh
Okawaru
Qazlal
Ru
Sif Muna
Trog
Vehumet
Xom
Yredelemnul
Zin
The Shining One

Shops:
D:6 }   D:7 *   D:13 %


Innate Abilities, Weirdness & Mutations

You cannot wear most types of armour.
You are amphibious.
You can wear up to eight rings at the same time.
((You can use your tentacles to constrict many enemies at once.))
((Your skin changes colour to match your surroundings (Stealth).))
((Your rubbery body absorbs attacks (AC +1).))


Message History

The centaur warrior shoots an arrow.
The arrow completely misses you.
The centaur warrior shoots an arrow.
The arrow completely misses you.
The centaur warrior shoots an arrow.
The arrow hits you!
You see here an arrow.
The centaur warrior unwields an uncursed shortbow.
The centaur warrior completely misses you.
You hit the centaur warrior but do no damage.
The centaur warrior is poisoned.
The centaur warrior completely misses you.
You bite the centaur warrior!
The centaur warrior looks even sicker.
The centaur warrior is lightly wounded.
The centaur warrior completely misses you. x2
You hit the centaur warrior but do no damage.
The centaur warrior is lightly wounded.
The centaur warrior hits you!
* * * LOW HITPOINT WARNING * * *
You bite the centaur warrior!
The centaur warrior is moderately wounded.
The centaur warrior hits you!
You die...

*,,,,,,,,,,,,,,,....# ***
*,,,,,,,,*******#..%# *,,
*,,,,,,,,* *#..#####******,*
**********########.>.....,,,,,,,*
#.?..........###,,,,,,,
#..............#,,,,,,,
#...........(###,,,,,,,
#..........((+,,,,,,,,,
#....cs(....(#*,***,*,*
#.............#,* *,*,*
#......≈.≈../.#,* *,,,*
######≈≈.≈≈##.#,* ***,*
#≈≈∩≈≈#*.#,*****,*
#≈≈≈≈≈#*.#,,,,,,,*
##≈≈≈..,.#******** ########*


You could see a centaur warrior.

Vanquished Creatures
  Pikel (D:5)
  Maurice (D:8)
  A troll (D:13)
  A human (D:8)
  4 yaks (D:9)
  2 hippogriffs
  A mottled dragon (D:8)
  The ghost of wojtek the Cutter, an average KoAs (D:3)
  A water moccasin (D:8)
  2 black bears
  A phantom (D:6)
  3 sky beasts
  4 ice beasts
  An ogre (D:9)
  3 centaurs
  4 orc warriors
  A big kobold (D:10)
  2 gnoll sergeants
  5 giant frogs
  A water moccasin zombie (D:5)
  A killer bee (D:8)
  3 scorpions
  3 goliath beetles
  7 crimson imps
  3 giant frog zombies
  7 hounds
  A centaur zombie (D:6)
  An iguana (D:7)
  3 jellies
  Crazy Yiuf (D:5)
  2 orc priests
  A giant frog skeleton (D:10)
  A gnoll shaman (D:4)
  Natasha (thrice) (D:5)
  12 worker ants
  8 orc wizards
  4 sheep (D:8)
  2 mummies
  A hound skeleton (D:6)
  A worker ant zombie (D:7)
  25 gnolls
  7 adders
  A shadow imp (D:5)
  3 worms
  An adder skeleton (D:8)
  An adder zombie (D:5)
  An ooze (D:4)
  19 orcs
  2 ball pythons
  11 bats
  6 giant cockroaches
  13 goblins
  29 hobgoblins
  8 jackals
  8 giant geckos
  A giant gecko skeleton (D:5)
  10 giant newts
  16 kobolds
  4 quokkas
  A quokka zombie (D:5)
  11 rats
  A spectral orc (D:2)
  A fungus (D:5)
285 creatures vanquished.

Vanquished Creatures (others)
  An ice beast (D:8)
1 creature vanquished.

Grand Total: 286 creatures vanquished

Notes
Turn   | Place    | Note
--------------------------------------------------------------
     0 | D:1      | Kemay, the Octopode Transmuter, began the quest for the Orb.
     0 | D:1      | Reached XP level 1. HP: 13/13 MP: 3/3
    73 | D:1      | Reached XP level 2. HP: 5/18 MP: 1/4
   801 | D:1      | Reached XP level 3. HP: 23/23 MP: 6/6
   806 | D:1      | Learned a level 3 spell: Spider Form
  1821 | D:2      | Found a basalt altar of Yredelemnul.
  2013 | D:2      | Reached XP level 4. HP: 28/28 MP: 0/7
  2090 | D:2      | Reached skill level 4 in Unarmed Combat
  2197 | D:2      | Found a snail-covered altar of Cheibriados.
  2564 | D:2      | Found a deep blue altar of Sif Muna.
  2572 | D:2      | Became a worshipper of Sif Muna the Loreminder
  2794 | D:3      | Reached XP level 5. HP: 33/33 MP: 7/9
  2807 | D:3      | Noticed wojtek's ghost (average KoAs)
  2846 | D:3      | Reached skill level 5 in Unarmed Combat
  2908 | D:3      | Killed wojtek's ghost
  2908 | D:3      | Reached XP level 6. HP: 35/38 MP: 6/10
  3028 | D:3      | Found a glowing golden altar of the Shining One.
  3108 | D:3      | Found a sacrificial altar of Ru.
  3316 | D:4      | Found a stormy altar of Qazlal.
  4017 | D:4      | Reached skill level 5 in Dodging
  4017 | D:4      | Reached XP level 7. HP: 30/43 MP: 8/12
  4325 | D:5      | Entered Level 5 of the Dungeon
  4339 | D:5      | Reached skill level 6 in Dodging
  4347 | D:5      | Found a shattered altar of Ashenzari.
  4439 | D:5      | Noticed Natasha
  4448 | D:5      | Killed Natasha
  4604 | D:5      | Noticed Natasha
  4620 | D:5      | Noticed Pikel
  4621 | D:5      | Killed Natasha
  4626 | D:5      | Paralysed by Pikel for 6 turns
  4635 | D:5      | Paralysed by Pikel for 7 turns
  4986 | D:5      | Paralysed by Pikel for 5 turns
  5007 | D:5      | Killed Pikel
  5007 | D:5      | Reached skill level 8 in Dodging
  5007 | D:5      | Reached XP level 8. HP: 29/48 MP: 3/13
  5494 | D:5      | Noticed Natasha
  5500 | D:5      | Killed Natasha
  5543 | D:5      | Noticed Crazy Yiuf
  5552 | D:5      | Killed Crazy Yiuf
  5640 | D:6      | Reached skill level 9 in Dodging
  5997 | D:6      | Reached XP level 9. HP: 29/53 MP: 11/14
  6126 | D:6      | Found Threidor's Gadget Shop.
  6201 | D:6      | Found a stormy altar of Qazlal.
  6203 | D:6      | Found an ancient bone altar of Kikubaaqudgha.
  6429 | D:6      | Found a staircase to the Ecumenical Temple.
  6463 | D:6      | Reached skill level 10 in Dodging
  6466 | Temple   | Entered the Ecumenical Temple
  6713 | D:7      | Found a glowing silver altar of Zin.
  6713 | D:7      | Found Zin's Purification Station.
  7339 | D:7      | Found a white marble altar of Elyvilon.
  7483 | D:7      | Found a radiant altar of Vehumet.
  7818 | D:8      | Noticed Maurice
  7880 | D:8      | Reached skill level 11 in Dodging
  8259 | D:8      | Found a shattered altar of Ashenzari.
  8352 | D:8      | Found a radiant altar of Vehumet.
  8658 | D:8      | Reached skill level 12 in Dodging
  8658 | D:8      | Reached XP level 10. HP: 16/58 MP: 12/16
  9480 | D:8      | Got a twisted whip
  9481 | D:8      | Identified the +2 whip "Fruo" {drain, +Blink rPois MR- Stlth++} (You found it on level 8 of the Dungeon)
 10115 | D:8      | Killed Maurice
 10115 | D:8      | Reached skill level 13 in Dodging
 10868 | D:9      | Found a sacrificial altar of Ru.
 11580 | D:9      | Reached skill level 14 in Dodging
 11713 | D:9      | Paralysed by an orc priest for 5 turns
 11728 | D:9      | Got a crystal hand axe
 11734 | D:9      | Identified the +11 hand axe "Ysim Aph" {freeze, -Cast *Tele rPois Stlth+} (You took it off an orc priest on level 9 of the Dungeon)
 11743 | D:9      | Found an iron altar of Okawaru.
 12796 | D:10     | Entered Level 10 of the Dungeon
 12929 | D:10     | Found a staircase to the Lair.
 12937 | D:10     | You fall through a shaft for 3 floors!
 12951 | D:13     | Reached XP level 11. HP: 18/63 MP: 15/18
 13174 | D:13     | Found Nouleut's Food Shop.
 13176 | D:13     | Noticed a centaur warrior
 13186 | D:13     | Slain by a centaur warrior

Action                   |  1- 3 |  4- 6 |  7- 9 | 10-12 || total
-------------------------+-------+-------+-------+-------++-------
Melee: Unarmed           |    93 |   138 |   401 |   407 ||  1039
 Cast: Beastly Appendage |     9 |     7 |     2 |     9 ||    27
       Spider Form       |     1 |    11 |    45 |    35 ||    92
 Abil: End Transformatio |     1 |     1 |     2 |     4 ||     8
Evoke: Wand              |       |     3 |       |       ||     3
  Use: Scroll            |     7 |    10 |     3 |     4 ||    24
       Potion            |       |       |     3 |     3 ||     6
 Stab: Sleeping          |     5 |     9 |     7 |     7 ||    28
  Eat: Chunk             |     4 |     8 |    14 |    19 ||    45
       Pizza             |       |       |     1 |     1 ||     2
       Meat ration       |       |       |     1 |       ||     1
